Map: Lightshade LE

Players

BlyOnFire (Bly)

  • Race: Zerg Zerg

AGOElazer (Elazer) - Winner!

  • Race: Zerg Zerg
  • League: Grandmaster

Event: DreamHack SC2 Masters 2021 Summer

VOD

Have the link to the VOD?

Description

Time

  • Played on: May 25, 2021, 10:35 a.m.
  • Length: 7:40

All games in this series

Show
View Real Time Build Order
Export as new Build Order

BlyOnFire Zerg 

Build Orders: Hatch First, Zergling Baneling 

Get SALT Encoding   

  12  0:00  Drone  
  13  0:12  Overlord  
  13  0:17  Drone  
  14  0:31  Drone x2  
  16  0:47  Hatchery  
  15  0:51  Drone  
  15  0:54  Drone  
  17  0:57  Drone  
  18  1:08  Extractor  
  17  1:12  Spawning Pool  
  17  1:16  Drone  
  17  1:19  Drone  
  18  1:27  Drone  
  19  1:39  Drone  
  20  1:48  Evolution Chamber  
  20  1:51  Drone  
  20  1:59  Overlord  
  20  2:00  Queen x2  
  24  2:04  Drone  
  25  2:10  Drone  
  25  2:12  Drone  
  25  2:15  Zerg Melee Weapons Level 1  
  27  2:24  Zergling x2  
  27  2:25  Zergling x2  
  29  2:31  Drone  
  29  2:32  Drone  
  29  2:35  Queen  
  33  2:46  Overlord  
  33  2:53  Drone x3  
  36  3:01  Metabolic Boost  
  36  3:06  Drone x2  
  36  3:10  Drone x6  
  44  3:18  Overlord  
  44  3:23  Evolution Chamber  
  43  3:30  Roach Warren  
  43  3:31  Baneling Nest  
  39  3:38  Evolution Chamber  
  38  3:41  Overlord  
  38  3:53  Evolution Chamber  
  37  3:57  Zergling x16  
  37  3:58  Evolution Chamber  
  43  4:08  Zergling x4  
  45  4:10  Roach Warren  
  45  4:15  Zergling x10  
  51  4:18  Zergling x4  
  51  4:19  Baneling x4  
  51  4:21  Zergling x2  
  54  4:29  Zergling x2  
  55  4:34  Zergling x4  
  57  4:39  Hatchery  
  57  4:43  Baneling x6  
  54  4:53  Zergling x10  
  57  5:03  Zergling x2  
  57  5:04  Zergling x4  
  42  5:29  Zergling x12  
  46  5:36  Extractor, Hatchery, Zergling x2  
  46  5:37  Zergling x10  
  49  5:46  Zerg Ground Armor Level 1  
  49  5:49  Drone x2  
  51  5:52  Queen  
  51  5:56  Zergling x2  
  54  6:00  Drone x2  
  56  6:05  Extractor  
  56  6:08  Roach Warren  
  54  6:12  Drone x8  
  54  6:15  Lair  
  62  6:20  Drone x2  
  62  6:24  Drone  
  65  6:29  Overlord  
  65  6:34  Overlord x3  
  63  6:41  Spine Crawler  
  63  6:44  Spine Crawler  
  61  6:49  Drone x3  
  61  6:51  Extractor  
  67  6:54  Roach x2  
  67  6:56  Roach  
  67  7:10  Roach  
  67  7:11  Roach x3  
  75  7:18  Roach x3  
  75  7:19  Roach  
Show
View Real Time Build Order
Export as new Build Order

AGOElazer Zerg - Winner!

Build Orders: Hatch First 

Get SALT Encoding   

  12  0:00  Drone  
  13  0:12  Overlord  
  13  0:16  Drone  
  14  0:30  Drone x2  
  16  0:46  Hatchery  
  15  0:50  Drone  
  15  0:54  Drone  
  17  0:57  Drone  
  18  1:07  Extractor  
  17  1:12  Spawning Pool  
  17  1:16  Drone  
  17  1:18  Drone  
  18  1:28  Drone  
  19  1:38  Drone  
  20  1:49  Drone  
  21  1:58  Queen x2  
  21  1:59  Zergling x2  
  21  2:00  Overlord  
  26  2:09  Drone, Metabolic Boost  
  26  2:10  Drone  
  28  2:19  Drone  
  28  2:21  Drone  
  30  2:30  Drone  
  30  2:37  Hatchery  
  30  2:40  Drone  
  30  2:41  Drone  
  31  2:46  Evolution Chamber  
  31  2:50  Overlord  
  30  2:54  Drone x2  
  32  3:04  Zergling x4  
  34  3:06  Zergling x2  
  34  3:09  Zergling x8  
  39  3:17  Overlord  
  39  3:18  Drone  
  40  3:20  Drone  
  41  3:27  Zerg Ground Armor Level 1  
  41  3:28  Drone  
  41  3:29  Drone  
  43  3:40  Drone x3  
  46  3:41  Roach Warren  
  46  3:45  Drone x2  
  46  3:47  Drone x2  
  49  3:51  Overlord  
  49  3:54  Drone  
  48  3:59  Drone x2  
  48  4:07  Drone x2, Extractor x2  
  48  4:11  Overlord  
  48  4:14  Drone x5  
  53  4:18  Overlord  
  53  4:23  Zergling x6  
  56  4:26  Queen  
  58  4:36  Zergling x6  
  61  4:39  Zergling x2  
  61  4:42  Evolution Chamber  
  61  4:47  Roach x5  
  61  4:51  Roach x2  
  75  4:54  Roach  
  75  4:58  Roach x2  
  80  5:10  Overlord  
  75  5:16  Roach x5  
  70  5:26  Overlord  
  62  5:30  Drone  
  63  5:38  Zerg Missile Weapons Level 1  
  62  5:48  Roach x3  
  68  5:54  Roach x2  
  72  5:59  Roach x2  
  72  6:03  Roach  
  78  6:08  Overlord  
  82  6:11  Roach x2  
  82  6:16  Roach x2  
  86  6:22  Roach x2  
  90  6:29  Overlord  
  90  6:35  Roach x3  
  96  6:40  Roach x2  
  96  6:44  Zergling x6  
  103  6:47  Zergling x2  
  103  6:52  Zergling x6  
  103  6:53  Zergling x2  
  108  7:00  Zergling x8  
  112  7:03  Zergling x2  
  110  7:10  Overlord  
  110  7:18  Zergling x8  
  110  7:20  Zergling x2  
  110  7:21  Zergling x2  
Tags
 
Add a new tag
Caveats
  • Supply blocks, unpowered buildings, or Contaminate may cause inaccurate times.
  • Supply counts are checked every 10 seconds.